 Dungeon Crawl Stone Soup version 0.28-a0-987-g8383568036 (webtiles) character file.

Game seed: 9602263399197109856

7128 Htamos the Severer (level 11, 0/94 HPs)
             Began as a Hill Orc Fire Elementalist on Dec 4, 2021.
             Was a Follower of Beogh.
             Slain by a boulder beetle (36 damage)
             ... on level 10 of the Dungeon.
             The game lasted 00:28:01 (12856 turns).

Htamos the Severer (Hill Orc Fire Elementalist)    Turns: 12856, Time: 00:28:02

Health: 0/94       AC: 10    Str: 22    XL:     11   Next: 10%
Magic:  19/19      EV: 12    Int: 17    God:    Beogh [*.....]
Gold:   431        SH:  0    Dex: 15    Spells: 13/20 levels left

rFire   + . .      SeeInvis .   o - +1 war axe (elec)
rCold   . . .      Faith    .   (no shield)
rNeg    + . .      Spirit   .   n - +2 leather armour {rF+}
rPois   +          Reflect  .   (helmet restricted)
rElec   .          Harm     .   h - +0 cloak
rCorr   .          Rampage  .   d - +0 pair of gloves
Will    +....                   e - +2 pair of boots
Stlth   ++........              f - amulet of magic regeneration
HPRegen 0.25/turn               B - ring of willpower
MPRegen 0.56/turn               D - ring of Mistrust {+Blink rPois rN+ Str+6 Dex+4}

@: attractive, hasted, invisible, very quick
A: horns 1, strong 1
a: Renounce Religion, Evoke Blink


You were on level 10 of the Dungeon.
You worshipped Beogh.
Beogh was aware of your devotion.
You visited 1 branch of the dungeon, and saw 10 of its levels.
You also visited: Ossuary.

You collected 431 gold pieces.

Inventory:

Hand Weapons
 b - a +0 dagger
 o - a +1 war axe of electrocution (weapon)
 E - a +2 mace of holy wrath
 G - a +2 whip of freezing
Missiles
 J - 12 poisoned darts
Armour
 a - a +0 robe
 d - a +0 pair of gloves (worn)
 e - a +2 pair of boots (worn)
 h - a +0 cloak (worn)
 k - a +1 ring mail of willpower
 n - a +2 leather armour of fire resistance (worn)
 s - a +2 robe of resistance
 A - +0 steam dragon scales
 H - a +2 robe of willpower
 K - a +0 plate armour
Jewellery
 f - an amulet of magic regeneration (around neck)
 q - a +6 ring of dexterity
 y - an amulet of guardian spirit
 B - a ring of willpower (left hand)
 C - a ring of resist corrosion
 D - the ring of Mistrust (right hand) {+Blink rPois rN+ Str+6 Dex+4}
   (You acquired it on level 9 of the Dungeon)

   [ring of strength]

   Str:       It affects your strength (+6).
   Dex:       It affects your dexterity (+4).
   rPois:     It protects you from poison.
   rN:        It protects you from negative energy.
   +Blink:    It lets you blink.
Wands
 l - a wand of paralysis (4)
 w - a wand of flame (18)
 O - a wand of mindburst (8)
Scrolls
 c - 4 scrolls of noise
 i - a scroll of brand weapon {unknown}
 j - a scroll of amnesia {unknown}
 m - a scroll of holy word
 p - a scroll of summoning {unknown}
 t - a scroll of enchant armour
 x - a scroll of enchant weapon {unknown}
 F - a scroll of fear {unknown}
 I - a scroll of immolation {unknown}
 L - 2 scrolls of identify {@rr}
 N - a scroll of vulnerability {unknown}
Potions
 g - a potion of attraction
 r - a potion of flight
 u - 2 potions of curing {@qc}
 M - a potion of degeneration {unknown}


   Skills:
 + Level 8.2 Fighting
 - Level 16.0 Axes
 - Level 1.5 Dodging
 - Level 1.5 Stealth
 + Level 5.4 Spellcasting
 - Level 5.0 Conjurations
 - Level 3.5 Fire Magic


You had 13 spell levels left.
You knew the following spells:

 Your Spells              Type           Power      Damage    Failure   Level
a - Foxfire               Conj/Fire      76%        2x1d7     2%          1
b - Scorch                Fire           32%        2d6       5%          2
c - Flame Wave            Conj/Fire      19%        2d5       26%         4

Your spell library contained the following spells:

 Spells                   Type           Power      Damage    Failure   Level
 Conjure Flame            Conj/Fire      19%        6-21      9%          3
 Animate Skeleton         Necr           8%         N/A       16%         1
 Freeze                   Ice            16%        1d4       16%         1
 Pain                     Necr           16%        1d4       16%         1
 Inner Flame              Hex/Fire       10%        N/A       22%         3
 Frozen Ramparts          Ice            8%         1d2       43%         3
 Vampiric Draining        Necr           4%         2d6       43%         3
 Hailstorm                Conj/Ice       13%        3d5       50%         4


Dungeon Overview and Level Annotations

Branches:
Dungeon (10/15)            Temple (0/1) D:4            Lair (0/6) D:9
Ossuary (visited)
    Orc: D:9-12

Altars:
Ashenzari
Cheibriados
Dithmenos
Fedhas
Gozag
Kikubaaqudgha
Makhleb
Trog
Uskayaw
Wu Jian
Xom

Annotations:
D:8 Harold


Innate Abilities, Weirdness & Mutations

You have a pair of small horns on your head.
Your muscles are strong. (Str +2)


Message History

Unknown command.
Okay, then.
You fade into invisibility!
The boulder beetle is no longer more vulnerable to fire.
The boulder beetle barely misses you.
You hit the boulder beetle but do no damage.
You headbutt the boulder beetle, but do no damage.
The boulder beetle bites you!
* * * LOW HITPOINT WARNING * * *
Unknown command.
Found a marble ring.
Found 15 gold pieces.
A yaktaur and a zombie come into view.
The yaktaur is wielding the +9 war axe of Optimality {freeze, rN++}.
The yaktaur moves out of view.
A boulder beetle comes into view.
The boulder beetle moves out of view.
You see here a +6 ring of dexterity.
q - a +6 ring of dexterity The boulder beetle misses you.
A gnoll comes into view. It is wielding a +0 club.
As you read the scroll labelled DITHOE XAYK, it crumbles to dust.
You speak a Word of immense power!
It was a scroll of holy word.
The boulder beetle bites you!
* * * LOW HITPOINT WARNING * * *
It was a potion of attraction.
You feel attractive to monsters. The boulder beetle barely misses you.
The meliai zombie is attracted toward you.
It was a potion of haste.
You feel yourself speed up. The boulder beetle barely misses you.
The meliai zombie is attracted toward you.
The boulder beetle is attracted toward you.
The meliai zombie is attracted toward you.
The boulder beetle curls into a ball and begins rolling!
The boulder beetle is attracted toward you.
The meliai zombie is attracted toward you.
The meliai zombie is attracted toward you.
The boulder beetle hits you!!!
You die...

#####..##....#.#.#..
#..............
.#####..####.#...##.#
......Z.####.#...##.#
.......Z§§Z○........#
.#####..####°##.....##.
### #..##.○........(..
#...#....B......##.##.
#...#...@...)....# #
................# #
...#..............# .
...##.......##.#..# #.#
#.###....#.#.)#
###.##########.#
#....#.##.#
#.....(....)...# #....#.#
.
#.......######..........
#.......######.###....#.#


You could see a boulder beetle (rolling) and a meliai zombie (wandering).

Vanquished Creatures
  Erica (D:8)
  A two-headed ogre (D:9)
  Pikel (D:6)
  Prince Ribbit (D:5)
  A hornet (D:9)
  Grinder (D:5)
  2 wraiths
  A wyvern (D:9)
  Eustachio (D:5)
  A steam dragon (D:6)
  2 wargs (D:9)
  An acid dragon (D:9)
  A water moccasin (D:5)
  4 orc warriors
  2 black bears (D:4)
  5 necrophages
  3 centaurs
  A lemure (D:6)
  An elf zombie (Ossuary)
  2 kobold brigands
  2 bullfrogs
  A wyvern zombie (D:7)
  A scorpion (D:4)
  19 killer bees
  4 wights (D:8)
  A human zombie (Ossuary)
  A bullfrog zombie (D:6)
  2 hounds
  3 centaur zombies
  A jelly (D:5)
  5 orc priests
  A centaur skeleton (D:4)
  3 iguanas
  An orc wizard (D:7)
  A hound zombie (D:5)
  3 mummies
  6 adders
  An ufetubus (D:5)
  4 worms
  2 dart slugs
  16 orcs
  7 endoplasms
  2 giant cockroaches
  8 hobgoblins
  4 jackals (D:4)
  7 quokkas
  5 ball pythons
  11 bats
  2 frilled lizards
  6 goblins
  2 goblin zombies (Ossuary)
  12 hobgoblin zombies (Ossuary)
  A jackal zombie (Ossuary)
  8 kobolds
  7 kobold zombies (Ossuary)
  6 orc zombies (Ossuary)
  A quokka skeleton (D:4)
  8 rats
  5 rat zombies (Ossuary)
213 creatures vanquished.

Vanquished Creatures (others)
  5 dream sheep (D:9)
  A killer bee (D:9)
  2 orc priests (D:9)
  An orc wizard (D:9)
  146 foxfires
155 creatures vanquished.

Grand Total: 368 creatures vanquished

Notes
Turn   | Place    | Note
-------+----------+-------------------------------------------
     0 | D:1      | Htamos the Hill Orc Fire Elementalist began the quest for
                  | the Orb.
     0 | D:1      | Reached XP level 1. HP: 14/14 MP: 3/3
   228 | D:1      | Reached XP level 2. HP: 22/22 MP: 0/4
   291 | D:1      | Reached skill level 1 in Fighting
   833 | D:1      | Learned a level 2 spell: Scorch
   894 | D:1      | Reached XP level 3. HP: 28/28 MP: 2/5
  1447 | D:2      | Found a faded altar of an unknown god.
  2166 | D:2      | Reached XP level 4. HP: 30/35 MP: 0/6
  2800 | D:3      | Found an opulent altar of Gozag.
  3139 | D:3      | Found a blossoming altar of Fedhas.
  3139 | D:3      | Found a shadowy altar of Dithmenos.
  3758 | D:3      | Found an ornate altar of the Wu Jian Council.
  3822 | D:4      | Found a sand-covered staircase.
  3827 | D:4      | Reached skill level 1 in Axes
  3827 | D:4      | Reached XP level 5. HP: 40/40 MP: 0/7
  3851 | Ossuary  | Entered an ossuary
  4034 | Ossuary  | Reached skill level 2 in Axes
  4040 | Ossuary  | Reached skill level 3 in Axes
  4040 | Ossuary  | Reached XP level 6. HP: 35/47 MP: 8/8
  4149 | Ossuary  | Reached skill level 4 in Axes
  4149 | Ossuary  | Reached skill level 5 in Conjurations
  4361 | D:4      | Reached skill level 5 in Axes
  4514 | D:4      | Found a burning altar of Makhleb.
  4520 | D:4      | Noticed a black bear
  4663 | D:5      | Entered Level 5 of the Dungeon
  4690 | D:5      | Noticed a necrophage
  4706 | D:5      | Killed a necrophage
  4707 | D:5      | Reached skill level 6 in Axes
  4707 | D:5      | Reached XP level 7. HP: 50/52 MP: 1/9
  4782 | D:5      | Noticed Eustachio
  4786 | D:5      | Gained mutation: Your muscles are strong. (Str +2) [potion
                  | of mutation]
  4786 | D:5      | Gained mutation: You have a pair of small horns on your
                  | head. [potion of mutation]
  4794 | D:5      | Killed Eustachio
  4795 | D:5      | Reached skill level 7 in Axes
  5005 | D:5      | Found a large runed translucent door.
  5027 | D:5      | Found a large runed translucent door.
  5286 | D:5      | Noticed Grinder
  5295 | D:5      | Killed Grinder
  5296 | D:5      | Reached skill level 9 in Axes
  5296 | D:5      | Reached XP level 8. HP: 47/59 MP: 1/10
  5470 | D:5      | Noticed Prince Ribbit
  5478 | D:5      | Killed Prince Ribbit
  5479 | D:5      | Reached skill level 10 in Axes
  5643 | D:5      | Found an ancient bone altar of Kikubaaqudgha.
  5679 | D:5      | Found a bloodstained altar of Trog.
  5758 | D:6      | Reached skill level 11 in Axes
  6122 | D:6      | Reached skill level 12 in Axes
  6434 | D:4      | Reached XP level 9. HP: 55/64 MP: 1/11
  6518 | D:4      | Found a staircase to the Ecumenical Temple.
  6901 | D:4      | Reached skill level 13 in Axes
  7000 | D:4      | Found a broken altar of Ashenzari.
  7589 | D:7      | Noticed Pikel
  7947 | D:6      | Killed Pikel
  7948 | D:6      | Reached skill level 14 in Axes
  8225 | D:7      | Reached skill level 15 in Axes
  9382 | D:8      | Reached skill level 16 in Axes
  9382 | D:8      | Reached XP level 10. HP: 50/72 MP: 1/12
  9613 | D:8      | Noticed Harold
 10160 | D:9      | Noticed a two-headed ogre
 10166 | D:9      | Killed a two-headed ogre
 10282 | D:9      | Became a worshipper of Beogh the Brigand
 10383 | D:9      | Reached skill level 5 in Fighting
 10485 | D:9      | Found a staircase to the Lair.
 10571 | D:9      | Noticed Erica
 10647 | D:8      | Killed Erica
 10965 | D:9      | Found a hide-covered altar of Uskayaw.
 11128 | D:9      | Learned a level 4 spell: Flame Wave
 11703 | D:9      | Identified a scroll of acquirement
 11704 | D:9      | Acquired the ring of Mistrust {+Blink rPois rN+ Str+6
                  | Dex+4}
 11890 | D:9      | Reached * piety under Beogh
 12216 | D:9      | Found a shimmering altar of Xom.
 12404 | D:9      | Reached skill level 5 in Spellcasting
 12427 | D:9      | Reached XP level 11. HP: 90/92 MP: 18/18
 12681 | D:10     | Entered Level 10 of the Dungeon
 12691 | D:10     | Found a snail-covered altar of Cheibriados.
 12823 | D:10     | Noticed a boulder beetle
 12835 | D:10     | Identified the +9 war axe of Optimality {freeze, rN++}
 12837 | D:10     | Noticed a boulder beetle
 12856 | D:10     | Slain by a boulder beetle

Illustrated notes

Levels and vault maps discovered:
D:1:      dpeg_arrival_fog, layout_loops_ring, roderic_roman_lattice,
          hangedman_decor_push, minmay_heptomino_l4
D:2:      layout_basic, ebering_ecumenical_altar_sacrificial
D:3:      kennysheep_six_static_rooms, layout_loops_ring,
          mainiacjoe_overflow_large_starburst, grunt_temple_overflow_open
D:4:      layout_cave_pods, ashenzari_altar_1, lemuel_round_altar,
          minmay_temple_entry_drinking_statues, gup_ossuary_entry_pyramid,
          kennysheep_generic_room_6
D:5:      layout_rooms, jmf_multi_god_temple2, uniq_eustachio, uniq_grinder,
          uniq_prince_ribbit1
D:6:      layout_cave_pools
D:7:      layout_cave_pools, uniq_pikel
D:8:      layout_layer_cave, serial_glass, glass_columns_a, glass_columns_b,
          uniq_harold
D:9:      layout_layer_cave, kb_xom_exploding_sheep,
          nicolae_uskayaw_murder_on_the_dancefloor, erik_lair_orcish_takeover,
          kennysheep_nondescript, kennysheep_dice, uniq_erica
D:10:     minmay_recursive_quarters, layout_basic, mainiacjoe_overflow_brackets,
          okawaru_humans, minivault_16, minmay_checkerbox, uniq_josephine

Skill      XL: |  1  2  3  4  5  6  7  8  9 10 11 |
---------------+----------------------------------+-----
Fighting       | 1 7 8 |  8.2
Conjurations   | 2 3 4 5 |  5.0
Axes           | 1 3 6 9 12 16 | 16.0
Spellcasting   | 5 |  5.4
Dodging        | |  1.5
Stealth        | |  1.5
Fire Magic     | |  3.5

Action                   |  1- 3 |  4- 6 |  7- 9 | 10-12 || total
-------------------------+-------+-------+-------+-------++-------
Melee: Dagger            |    61 |    44 |       |       ||   105
       Unarmed           |     1 |       |       |       ||     1
       War axe           |       |   108 |    72 |   115 ||   295
       Headbutt          |       |       |    11 |    10 ||    21
       Mace              |       |       |    18 |       ||    18
 Cast: Foxfire           |    62 |    15 |     3 |    24 ||   104
       Scorch            |     4 |    31 |    98 |    59 ||   192
       Flame Wave        |       |       |       |     5 ||     5
Invok: Convert to Beogh  |       |       |       |     1 ||     1
Evoke: Wand              |       |       |     1 |    12 ||    13
  Use: Potion            |     1 |     2 |     7 |    12 ||    22
       Scroll            |       |     4 |     2 |     6 ||    12
 Stab: Sleeping          |       |       |     1 |       ||     1
       Invisible         |       |       |       |     8 ||     8
Armor: Robe              |    16 |    10 |    14 |    12 ||    52
       Skin              |       |    12 |     9 |    63 ||    84
       Ring mail         |       |    74 |     2 |       ||    76
       Leather armour    |       |       |    26 |    13 ||    39
Dodge: Dodged            |    49 |    96 |    75 |    80 ||   300

Table legend: (Time is in decaauts)
 A = Elapsed time spent in this place.
 B = Non-inter-level travel time spent in this place.
 C = Inter-level travel time spent in this place.
 D = Time resting spent in this place.
 E = Time spent auto-exploring this place.
 F = Levels seen in this place.
 G = Mean time per level.
                   A        B        C        D        E       F      G
               +--------+--------+--------+--------+--------+-----+--------+
         Total |  12867 |  12454 |    413 |   1384 |   8867 |  11 | 1169.7 |
       Dungeon |  12458 |  12045 |    413 |   1384 |   8794 |  10 | 1245.8 |
       Ossuary |    409 |    409 |      0 |      0 |     73 |   1 |  409.0 |
               +--------+--------+--------+--------+--------+-----+--------+

Top non-repeatable levels by time:
     D:9: 2506 daAuts
     D:8: 1742 daAuts
     D:4: 1415 daAuts
     D:2: 1370 daAuts
     D:1: 1298 daAuts
     D:3: 1130 daAuts
     D:5: 1116 daAuts
     D:6: 986 daAuts
     D:7: 723 daAuts
 Ossuary: 409 daAuts
    D:10: 168 daAuts
